 Dungeon Crawl Stone Soup version 0.26.1-11-gd32895ea62 (webtiles) character file.

Game seed: 12239289269944069004

70074 mankey1987 the Brawler (level 15, -10/88 HPs)
             Began as a Human Fighter on May 26, 2021.
             Was a High Priest of Hepliaklqana.
             Killed by divine providence
             ... invoked by a meliai
              (11 damage)
             ... on level 13 of the Dungeon.
             The game lasted 01:02:26 (25374 turns).

mankey1987 the Brawler (Human Fighter)             Turns: 25374, Time: 01:02:27

Health: -10/88     AC: 24    Str: 22    XL:     15   Next: 76%
Magic:  0/15       EV:  7    Int:  8    God:    Hepliaklqana [*****.]
Gold:   976        SH: 20    Dex: 26    Spells: 14/14 levels left

rFire    + . .     SeeInvis .     - Unarmed
rCold    . . .     Faith    .   A - +5 kite shield
rNeg     . . .     Spirit   +   k - +2 plate armour
rPois    +         Reflect  .   (helmet restricted)
rElec    +         Harm     .   D - +1 cloak of Calculation {Int+3}
rCorr    .         Rampage  .   (no gloves)
Will     .....                  g - +2 pair of boots
Stlth    ..........             u - amulet of guardian spirit
HPRegen  0.24/turn              a - ring of Ginuubah {rF+ Will- Dex+6}
MPRegen  0.14/turn              d - ring "Loagaud" {rElec rPois Will- Int-3 Dex+6}

@: studying Unarmed Combat
A: reduced essence, beak, horns 1, talons 1
a: Renounce Religion, Recall Ancestor, Ancestor Identity, Transference, Idealise


You were on level 13 of the Dungeon.
You worshipped Hepliaklqana.
Hepliaklqana was extremely pleased with you.
You visited 3 branches of the dungeon, and saw 20 of its levels.

You collected 2575 gold pieces.
You spent 1599 gold pieces at shops.

Inventory:

Missiles
 z - 7 throwing nets (quivered)
Armour
 g - a +2 pair of boots (worn)
 k - a +2 plate armour (worn)
 y - a +0 cloak
 A - a +5 kite shield (worn)
 D - the +1 cloak of Calculation (worn) {Int+3}
   (You found it on level 4 of the Lair of Beasts)

   It affects your intelligence (+3).
Jewellery
 a - the ring of Ginuubah (left hand) {rF+ Will- Dex+6}
   (You bought it in a shop on level 8 of the Dungeon)

   [ring of protection from fire]

   It affects your dexterity (+6).
   It protects you from fire.
   It affects your willpower, your defense against some magical effects.
 d - the ring "Loagaud" (right hand) {rElec rPois Will- Int-3 Dex+6}
   (You bought it in a shop on level 8 of the Dungeon)

   [ring of dexterity]

   It affects your intelligence (-3).
   It affects your dexterity (+6).
   It insulates you from electricity.
   It protects you from poison.
   It affects your willpower, your defense against some magical effects.
 j - an uncursed amulet of magic regeneration
 u - an amulet of guardian spirit (around neck)
 H - an uncursed ring of resist corrosion
 J - a +4 ring of evasion
 K - a +6 ring of intelligence {unknown}
Wands
 c - a wand of enslavement (7)
 n - a wand of paralysis (10)
 v - a wand of acid (18)
 I - a wand of disintegration (11)
 M - a wand of polymorph (9)
Scrolls
 f - 2 scrolls of magic mapping
 h - 6 scrolls of teleportation
 l - 9 scrolls of remove curse
 p - 8 scrolls of random uselessness
 s - 3 scrolls of immolation
 x - 4 scrolls of enchant weapon
 B - a scroll of fear
 C - 3 scrolls of amnesia
 E - 5 scrolls of identify
Potions
 e - 3 potions of brilliance
 i - 2 potions of flight
 m - a potion of cancellation
 q - a potion of might
 t - 5 potions of ambrosia
 w - 5 potions of curing
 G - a potion of resistance {unknown}
 L - 2 potions of haste
Books
 F - a manual of Unarmed Combat
Miscellaneous
 r - a box of beasts


   Skills:
 - Level 3.1 Fighting
 + Level 13.5 Armour
 - Level 0.5 Dodging
 + Level 13.4 Shields
 * Level 18.7 Unarmed Combat


You had 14 spell levels left.
You didn't know any spells.
Your spell library contained the following spells:

 Spells                   Type           Power        Failure   Level
 Animate Skeleton         Necr           0%           99%         1
 Apportation              Tloc           0%           99%         1
 Beastly Appendage        Tmut           0%           99%         1
 Corona                   Hex            0%           99%         1
 Pain                     Necr           0%           99%         1
 Summon Small Mammal      Summ           0%           99%         1
 Call Imp                 Summ           0%           100%        2
 Slow                     Hex            0%           100%        2
 Wereblood                Tmut           0%           100%        2
 Call Canine Familiar     Summ           0%           100%        3
 Inner Flame              Hex/Fire       0%           100%        3
 Portal Projectile        Hex/Tloc       0%           100%        3
 Spider Form              Tmut/Pois      0%           100%        3
 Summon Guardian Golem    Hex/Summ       0%           100%        3
 Vampiric Draining        Necr           0%           100%        3
 Animate Dead             Necr           0%           100%        4
 Cause Fear               Hex            0%           100%        4
 Ice Form                 Ice/Tmut       0%           100%        4
 Leda's Liquefaction      Hex/Erth       0%           100%        4
 Summon Ice Beast         Ice/Summ       0%           100%        4
 Summon Lightning Spire   Summ/Air       0%           100%        4
 Agony                    Necr           0%           100%        5
 Blade Hands              Tmut           0%           100%        5
 Bolt of Magma            Conj/Fire/Erth 0%           100%        5
 Borgnjor's Vile Clutch   Necr/Erth      0%           100%        5
 Death Channel            Necr           0%           100%        6
 Iron Shot                Conj/Erth      0%           100%        6
 Simulacrum               Ice/Necr       0%           100%        6
 Statue Form              Tmut/Erth      0%           100%        6
 Shatter                  Erth           0%           100%        9


Dungeon Overview and Level Annotations

Branches:
Dungeon (13/15)            Temple (1/1) D:7            Lair (6/6) D:9
 Shoals (0/4) Lair:2       Spider (0/4) Lair:4        Slime (0/5) Lair:6
    Orc (0/2) D:12
 Vaults: D:13-14

Altars:
Ashenzari
Cheibriados
Dithmenos
Elyvilon
Fedhas
Gozag
Hepliaklqana
Kikubaaqudgha
Makhleb
Nemelex Xobeh
Okawaru
Qazlal
Ru
Sif Muna
Trog
Uskayaw
Vehumet
Wu Jian
Xom
Yredelemnul
Zin
The Shining One
Jiyva

Shops:
D:6 !   D:8 =   D:10 (


Innate Abilities, Weirdness & Mutations

Your life essence is reduced to manifest your ancestor. (-10% HP)
You have a beak for a mouth.
You have a pair of small horns on your head.
You have sharp toenails.


Message History

You block the meliai's attack.
The meliai completely misses Michael.
The meliai stings Michael but does no damage.
The meliai closely misses Michael.
The meliai stings Michael!
The steam dragon bites Michael.
The steam dragon barely misses Michael.
The wyvern zombie barely misses you.
Blink to where?
Press: ? - help, Dir - move target
As you read the scroll of blinking, it crumbles to dust.
Michael has departed this plane of existence.
The meliai calls down the wrath of its god upon you.
Something smites you!
The meliai invokes the aid of its god against you.
Something smites you!
* * * LOW HITPOINT WARNING * * *
The meliai invokes the aid of its god against you.
Something smites you!
* * * LOW HITPOINT WARNING * * *
The meliai invokes the aid of its god against you.
Something smites you!
You die...

..........................
...##...................#
.................##.....#
.................##.....###♣
...................).......♣
################.........##♣
#.#######.#.♣♣ #.# #.#..♣
#@#######.'..♣
#..y..Z.y.###♣♣
.............y....§.♣
................##..###.
####....###.....##..Dy..
#............##..Ry..
#.................... .#
...###+###............ .#
... #......###+##


You could see 3 meliai and a wyvern zombie.

Vanquished Creatures
  Gastronok (D:12)
  Josephine (D:11)
  Harold (Lair:2)
  Erolcha (D:10)
  5 hydras
  A catoblepas (Lair:6)
  3 two-headed ogres
  Erica (D:11)
  5 death yaks (Lair:6)
  Nergalle (Lair:1)
  An unseen horror (D:11)
  2 lindwurms
  A wolf spider zombie (D:12)
  2 manticores (D:12)
  2 ugly things
  3 black mambas
  23 elephants
  10 cane toads
  2 torpor snails
  A rime drake (Lair:2)
  5 komodo dragons
  4 centaur skeletons
  A merfolk (Lair:2)
  7 trolls
  A queen bee (Lair:3)
  A hornet (D:9)
  4 dream sheep
  14 blink frogs
  Sigmund (D:5)
  A vampire (D:13)
  6 wraiths
  4 wyverns
  Eustachio (D:6)
  45 yaks
  4 basilisks
  A steam dragon (D:11)
  Duvessa (D:6)
  12 water moccasins
  8 orc warriors
  2 hornet zombies
  2 elephant zombies (Lair:5)
  6 ogres
  2 black bears
  A necrophage (D:9)
  A sky beast (D:8)
  11 wolves
  21 centaurs
  2 big kobolds
  Blork the orc (D:5)
  3 gnoll sergeants
  19 bullfrogs
  A wyvern zombie (D:12)
  Dowan (D:6)
  6 scorpions
  35 killer bees
  3 electric eels
  13 wights
  4 howler monkeys
  A quasit (D:12)
  3 jellies
  10 hounds
  5 centaur zombies
  4 orc priests
  A basilisk zombie (Lair:5)
  6 orc wizards
  2 bullfrog skeletons
  A hell rat (Lair:2)
  9 worker ants
  A killer bee zombie (D:9)
  A hound zombie (D:5)
  A hound skeleton (D:6)
  A worker ant zombie (D:9)
  Robin (D:4)
  24 gnolls
  13 adders
  4 shadow imps
  2 white imps
  5 ufetubi
  An ooze (D:1)
  2 adder skeletons
  4 worms
  A dart slug (D:3)
  6 leopard geckos
  32 orcs
  6 giant cockroaches
  12 goblins
  9 hobgoblins
  11 jackals
  8 quokkas
  2 ball pythons
  6 bats
  6 frilled lizards
  A jackal skeleton (D:4)
  14 kobolds
  A quokka skeleton (D:5)
  12 rats
551 creatures vanquished.

Vanquished Creatures (collateral kills)
  Snorg (Lair:5)
  A boulder beetle (Lair:6)
  A deep troll shaman (Lair:6)
  An unseen horror (D:11)
  A lindwurm (Lair:6)
  A necromancer (Lair:5)
  An ugly thing (D:11)
  6 elephants
  3 cane toads
  A komodo dragon (Lair:4)
  2 merfolk (Lair:2)
  A polar bear (Lair:6)
  A blink frog (Lair:5)
  A wyvern (Lair:5)
  A wraith (D:11)
  6 yaks
  5 basilisks
  3 water moccasins
  An elephant zombie (Lair:5)
  A black bear (Lair:2)
  A wolf (Lair:6)
  2 centaurs
  2 bullfrogs
  A scorpion (D:10)
  A killer bee (D:9)
  5 electric eels
  A bullfrog zombie (D:11)
  A basilisk zombie (Lair:5)
  A worker ant (D:9)
  2 gnolls
  An adder (D:9)
  An ufetubus (D:8)
  A leopard gecko (D:8)
  4 orcs
  A jackal (D:8)
  A kobold (D:8)
65 creatures vanquished.

Vanquished Creatures (others)
  13 hexers
  5 ancestors
  An orc (D:7)
  24 fungi
  44 plants
87 creatures vanquished.

Grand Total: 703 creatures vanquished

Notes
Turn   | Place    | Note
-------+----------+-------------------------------------------
     0 | D:1      | mankey1987 the Human Fighter began the quest for the Orb.
     0 | D:1      | Reached XP level 1. HP: 18/18 MP: 1/1
    28 | D:1      | Reached XP level 2. HP: 16/24 MP: 2/2
   865 | D:1      | Reached XP level 3. HP: 29/29 MP: 3/3
  1436 | D:2      | Noticed a bullfrog
  1448 | D:2      | Reached skill level 3 in Unarmed Combat
  1448 | D:2      | Reached XP level 4. HP: 29/35 MP: 4/4
  1458 | D:2      | Killed a bullfrog
  1459 | D:2      | Reached XP level 5. HP: 27/41 MP: 5/5
  2470 | D:3      | Reached skill level 4 in Unarmed Combat
  2581 | D:3      | Gained mutation: You have large cloven feet. [potion of
                  | mutation]
  2581 | D:3      | Gained mutation: Your mind is acute. (Int +2) [potion of
                  | mutation]
  2603 | D:3      | Reached XP level 6. HP: 47/47 MP: 6/6
  3272 | D:4      | Found a white marble altar of Elyvilon.
  3333 | D:4      | Noticed Robin
  3462 | D:4      | Killed Robin
  4195 | D:4      | Lost mutation: Your mind is acute. (Int +2) [potion of
                  | mutation]
  4195 | D:4      | Lost mutation: You have large cloven feet. [potion of
                  | mutation]
  4195 | D:4      | Gained mutation: Your mind is acute. (Int +2) [potion of
                  | mutation]
  4195 | D:4      | Gained mutation: You possess an exceptional clarity of
                  | mind. [potion of mutation]
  4195 | D:4      | Gained mutation: You are partially covered in thin metallic
                  | scales. (AC +2) [potion of mutation]
  4195 | D:4      | Gained mutation: You are agile. (Dex +2) [potion of
                  | mutation]
  4290 | D:5      | Entered Level 5 of the Dungeon
  4312 | D:5      | Reached skill level 5 in Unarmed Combat
  4312 | D:5      | Reached XP level 7. HP: 52/52 MP: 7/7
  4324 | D:5      | Noticed Blork the orc
  4341 | D:5      | Killed Blork the orc
  4822 | D:5      | Found an ornate altar of the Wu Jian Council.
  4894 | D:5      | Noticed Sigmund
  4904 | D:5      | Killed Sigmund
  4905 | D:5      | Reached skill level 5 in Armour
  4905 | D:5      | Reached skill level 5 in Shields
  4905 | D:5      | Reached skill level 6 in Unarmed Combat
  4905 | D:5      | Reached XP level 8. HP: 58/58 MP: 8/8
  5512 | D:6      | Noticed Eustachio
  5525 | D:6      | Reached skill level 7 in Unarmed Combat
  5546 | D:6      | Killed Eustachio
  5816 | D:6      | Reached XP level 9. HP: 63/63 MP: 9/9
  5826 | D:6      | Noticed Dowan
  5827 | D:6      | Noticed Duvessa
  5862 | D:6      | Killed Duvessa
  5867 | D:6      | Killed Dowan
  5931 | D:6      | Found Imufurok's Distillery.
  6186 | D:6      | Reached skill level 8 in Unarmed Combat
  6981 | D:7      | Found a staircase to the Ecumenical Temple.
  7062 | D:7      | Reached skill level 9 in Unarmed Combat
  7080 | Temple   | Entered the Ecumenical Temple
  7261 | Temple   | Became a worshipper of Hepliaklqana the Forgotten
  7355 | D:7      | You fall into a shaft and drop 2 floors!
  7355 | D:9      | Noticed a troll
  7357 | D:9      | Noticed a troll
  7634 | D:8      | Noticed a two-headed ogre
  7637 | D:8      | Reached XP level 10. HP: 39/63 MP: 10/10
  7712 | D:8      | Killed a two-headed ogre
  7713 | D:8      | Reached skill level 10 in Unarmed Combat
  7892 | D:8      | Found Vixyff's Jewellery Shop.
  7919 | D:8      | Found a hide-covered altar of Uskayaw.
  8125 | D:8      | Reached * piety under Hepliaklqana
  8772 | D:9      | Reached skill level 11 in Unarmed Combat
  8820 | D:9      | Reached XP level 11. HP: 35/67 MP: 9/11
  9394 | D:7      | Found a shadowy altar of Dithmenos.
  9725 | D:9      | Found a staircase to the Lair.
  9837 | D:9      | Found a sparkling altar of Nemelex Xobeh.
 10227 | D:9      | Reached ** piety under Hepliaklqana
 10228 | D:9      | Remembered your ancestor Michael as a hexer
 10615 | D:10     | Entered Level 10 of the Dungeon
 10625 | D:10     | Noticed a two-headed ogre
 10648 | D:9      | Killed a two-headed ogre
 10760 | D:9      | Reached skill level 12 in Unarmed Combat
 11263 | D:10     | Noticed a two-headed ogre
 11277 | D:10     | Killed a two-headed ogre
 11328 | D:10     | Lost mutation: You possess an exceptional clarity of mind.
                  | [potion of mutation]
 11328 | D:10     | Lost mutation: You are agile. (Dex +2) [potion of mutation]
 11328 | D:10     | Lost mutation: You are partially covered in thin metallic
                  | scales. (AC +2) [potion of mutation]
 11328 | D:10     | Lost mutation: Your mind is acute. (Int +2) [potion of
                  | mutation]
 11328 | D:10     | Gained mutation: Potions are less effective at restoring
                  | your health. [potion of mutation]
 11328 | D:10     | Gained mutation: You are partially covered in large bone
                  | plates. (SH +4) [potion of mutation]
 11328 | D:10     | Gained mutation: You have sharp fingernails. [potion of
                  | mutation]
 11491 | D:10     | Reached XP level 12. HP: 72/72 MP: 12/12
 11990 | D:10     | Found Woif's Weapon Shoppe.
 12066 | D:10     | Reached *** piety under Hepliaklqana
 12473 | D:11     | Noticed Erolcha
 12490 | D:10     | Killed Erolcha
 12491 | D:10     | Reached skill level 10 in Armour
 12491 | D:10     | Reached skill level 13 in Unarmed Combat
 12503 | D:11     | Reached skill level 10 in Shields
 12511 | D:11     | Noticed Josephine
 12513 | D:11     | Killed an unseen horror
 12706 | D:10     | Identified a scroll of acquirement
 12707 | D:10     | Acquired 1168 gold pieces
 12841 | D:8      | Bought the ring of Ginuubah {rF+ Will- Dex+6} for 606 gold
                  | pieces
 12841 | D:8      | Bought the ring "Loagaud" {rElec rPois Will- Int-3 Dex+6}
                  | for 993 gold pieces
 12934 | Lair:1   | Entered Level 1 of the Lair of Beasts
 13923 | Lair:2   | Noticed a five-headed hydra
 14120 | Lair:1   | Killed a five-headed hydra
 14159 | Lair:2   | Noticed Nergalle
 14209 | Lair:1   | Killed Nergalle
 14472 | Lair:2   | Noticed Harold
 14488 | Lair:2   | Killed Harold
 14530 | Lair:2   | Reached **** piety under Hepliaklqana
 14615 | Lair:2   | Reached skill level 14 in Unarmed Combat
 14641 | Lair:2   | Noticed a five-headed hydra
 14790 | Lair:2   | Reached XP level 13. HP: 76/77 MP: 13/13
 14884 | Lair:2   | Killed a five-headed hydra
 15130 | Lair:2   | Found a staircase to the Shoals.
 16004 | Lair:3   | Reached skill level 15 in Unarmed Combat
 17470 | Lair:4   | Found a hole to the Spider Nest.
 17780 | Lair:4   | Reached XP level 14. HP: 83/83 MP: 14/14
 18283 | Lair:4   | Got a steaming cloak
 18294 | Lair:4   | Identified the +1 cloak of Calculation {Int+3} (You found
                  | it on level 4 of the Lair of Beasts)
 18579 | Lair:5   | Noticed Snorg
 18594 | Lair:5   | Killed Snorg
 18681 | Lair:5   | Found a runed translucent door.
 19225 | Lair:5   | Reached ***** piety under Hepliaklqana
 19291 | Lair:5   | Reached skill level 16 in Unarmed Combat
 20010 | Lair:6   | Entered Level 6 of the Lair of Beasts
 21498 | Lair:6   | Reached XP level 15. HP: 36/88 MP: 15/15
 21789 | Lair:6   | Reached skill level 17 in Unarmed Combat
 21807 | Lair:6   | Lost mutation: You are partially covered in large bone
                  | plates. (SH +4) [potion of mutation]
 21807 | Lair:6   | Lost mutation: You have sharp fingernails. [potion of
                  | mutation]
 21807 | Lair:6   | Lost mutation: Potions are less effective at restoring your
                  | health. [potion of mutation]
 21807 | Lair:6   | Gained mutation: You have a pair of small horns on your
                  | head. [potion of mutation]
 21807 | Lair:6   | Gained mutation: You have a beak for a mouth. [potion of
                  | mutation]
 21807 | Lair:6   | Gained mutation: You have sharp toenails. [potion of
                  | mutation]
 21817 | Lair:6   | Acquired a manual of Unarmed Combat
 22348 | Lair:6   | Found a viscous altar of Jiyva.
 22348 | Lair:6   | Found a staircase to the Slime Pits.
 23148 | D:9      | You fall into a shaft and drop 3 floors!
 23197 | D:12     | Noticed Gastronok
 23221 | D:12     | Killed Gastronok
 23367 | D:11     | Noticed Erica
 23398 | D:11     | Killed Erica
 23699 | D:11     | Killed Josephine
 23702 | D:11     | Reached skill level 18 in Unarmed Combat
 24362 | D:12     | Found a staircase to the Orcish Mines.
 25374 | D:13     | HP: 1/88 [meliai/divine providence (15)]
 25374 | D:13     | Killed from afar by a meliai

Illustrated notes

Levels and vault maps discovered:
D:1:      lightli_arrival_statuegarden, layout_basic, dk_noncrumbling_2,
          serial_park_tiny_1, minmay_pentomino_p4
D:2:      layout_basic, kennysheep_boxes
D:3:      layout_basic, st_stairs_10
D:4:      layout_rooms, lemuel_coloured_pillars_altar, uniq_robin
D:5:      layout_basic, lemuel_doored_altar, grunt_decor_fettered,
          uniq_blork_the_orc, uniq_sigmund
D:6:      layout_rooms, serial_shops, nicolae_shop_behind_doors, uniq_eustachio,
          uniq_duvessa
D:7:      layout_basic, nicolae_dithmenos_through_a_glass_darkly,
          minmay_temple_entry_mini_moons, corner_web_ring
D:8:      layout_cave_pods, basic_altar, serial_shops, shop_coins
D:9:      layout_rooms, nemelex_altar_shiori, erik_lair_island,
          hangedman_abyss_or_decor_stabs
D:10:     layout_layer_cave, serial_shops, kennysheep_little_box
D:11:     layout_gridville, uniq_josephine, uniq_erica, uniq_erolcha
D:12:     layout_roguey, kennysheep_orc_monster_closet_entryway, uniq_gastronok
D:13:     layout_stronghold, ebering_ghost_funeral_grove,
          lightli_fourway_metalbox
Temple:   compressed_dpeg_circular_temple
Lair:1:   layout_cave_pods, grunt_megastairs_5
Lair:2:   nzn_winding_woodlands_small [nzn_winding_woodlands_5x15_lazy_stream,
          nzn_winding_woodlands_center_pierced_h,
          nzn_winding_woodlands_5x15_crooked], layout_big_grid,
          elwin_shoals_entry_stream, wad_woods_road_05, grunt_megastairs_2,
          uniq_nergalle, uniq_harold
Lair:3:   layout_roguey [special_room_bee], grunt_megastairs_1,
          infiniplex_staircase_pool
Lair:4:   layout_cave_pods, dummy_spider_entry, kennysheep_basilisk_garden
Lair:5:   pond_and_an_island_with_a_cottage, layout_cave_shapes,
          pf_torpor_hydra, uniq_snorg
Lair:6:   grunt_lair_end_beastmaster, layout_small_grid,
          dpeg_slime_entry_enclosed_altar, serial_bayou_shore_b

Skill      XL: |  1  2  3  4  5  6  7  8  9 10 11 12 13 14 15 |
---------------+----------------------------------------------+-----
Unarmed Combat | 3 4 5 6 7 9 11 12 14 15 16 18 | 18.7
Armour         | 4 5 6 7 8 9 10 11 12 13 | 13.5
Shields        | 4 5 7 8 9 10 11 12 13 | 13.4
Fighting       | |  3.1
Dodging        | |  0.5

Action                   |  1- 3 |  4- 6 |  7- 9 | 10-12 | 13-15 || total
-------------------------+-------+-------+-------+-------+-------++-------
Melee: Unarmed           |   110 |   255 |   462 |   642 |  1193 ||  2662
       Headbutt          |       |       |       |       |   140 ||   140
       Peck              |       |       |       |       |   134 ||   134
Throw: Throwing net      |       |       |       |       |     1 ||     1
Invok: Recall Ancestor   |       |       |     2 |     4 |     1 ||     7
       Ancestor Identity |       |       |     1 |       |       ||     1
       Ancestor Life: He |       |       |       |     1 |       ||     1
  Use: Potion            |     1 |     5 |     5 |    14 |     7 ||    32
       Scroll            |       |     5 |     1 |    25 |     7 ||    38
 Stab: Distracted        |       |       |     1 |     4 |    15 ||    20
       Invisible         |       |       |       |     2 |       ||     2
       Confused          |       |       |       |     2 |    13 ||    15
       Petrifying        |       |       |       |       |     1 ||     1
       Petrified         |       |       |       |       |     1 ||     1
       Paralysed         |       |       |       |       |     9 ||     9
Armor: Scale mail        |    44 |    31 |       |       |       ||    75
       Skin              |       |     4 |       |       |     5 ||     9
       Chain mail        |       |   104 |   309 |   232 |       ||   645
       Plate armour      |       |       |       |   104 |   459 ||   563
Dodge: Dodged            |    28 |    51 |   126 |   186 |   165 ||   556
Block: Kite shield       |    58 |   143 |   362 |   766 |  1228 ||  2557
